 Dungeon Crawl Stone Soup version 0.29-a0-451-gfbfa42419e (webtiles) character file.

Game seed: 7687308898118420601

3215 acebull12 the Covert (level 10, -9/60 HPs)
             Began as a Kobold Brigand on May 19, 2022.
             Was an Initiate of Dithmenos.
             Mangled by an orc knight
             ... wielding a +0 glaive
              (15 damage)
             ... in a bailey.
             The game lasted 00:19:44 (9203 turns).

acebull12 the Covert (Kobold Brigand)               Turns: 9203, Time: 00:19:45

Health: -9/60      AC:  8    Str: 14    XL:     10   Next: 17%
Magic:  10/10      EV: 18    Int: 12    God:    Dithmenos [......]
Gold:   256        SH:  0    Dex: 22    Spells: 9/9 levels left

rFire   . . .      SeeInvis .   k - +2 demon trident (drain)
rCold   . . .      Faith    .   (shield currently unavailable)
rNeg    . . .      Spirit   .   B - +2 leather armour {rPois}
rPois   +          Reflect  .   s - +0 helmet
rElec   .          Harm     .   c - +0 cloak
rCorr   .          Rampage  .   (no gloves)
Will    .....                   D - +0 pair of boots
Stlth   ++++++....              (no amulet)
HPRegen 0.20/turn               i - ring of flight
MPRegen 0.12/turn               C - +6 ring of dexterity

@: flying
A: small, no large weapons, nightstalker 3
a: Renounce Religion


You were in a bailey.
You worshipped Dithmenos.
Dithmenos was noncommittal.
You visited 2 branches of the dungeon, and saw 8 of its levels.
You also visited: Bailey.

You collected 256 gold pieces.

Inventory:

Hand Weapons
 a - a +2 vampiric dagger
 k - a +2 demon trident of draining (weapon)
 q - a +5 vampiric dagger
Missiles
 d - 18 poisoned darts (quivered)
 e - 4 curare-tipped darts
 x - a throwing net
Armour
 b - a +0 robe
 c - a +0 cloak (worn)
 s - a +0 helmet (worn)
 B - a +2 leather armour of poison resistance (worn)
 D - a +0 pair of boots (worn)
Jewellery
 h - a ring of resist corrosion
 i - a ring of flight (left hand)
 p - a ring of protection from cold
 C - a +6 ring of dexterity (right hand)
Wands
 l - a wand of flame (18)
Scrolls
 u - a scroll of amnesia {unknown}
 v - a scroll of immolation
 w - 4 scrolls of teleportation
Potions
 f - a potion of magic {unknown}
 g - 2 potions of invisibility
 j - 3 potions of brilliance
 m - 2 potions of attraction {unknown}
 n - 2 potions of haste
 o - 4 potions of heal wounds {unknown}
 r - 3 potions of curing
 t - 2 potions of mutation {unknown}
 z - a potion of resistance {unknown}
 A - a potion of might {unknown}


   Skills:
 * Level 6.0 Fighting
 - Level 2.8 Short Blades
 * Level 7.8 Polearms
 - Level 2.1 Throwing
 + Level 1.3 Armour
 * Level 5.4 Dodging
 * Level 11.0 Stealth


You had 9 spell levels left.
You didn't know any spells.
Your spell library contained the following spells:

 Spells                   Type           Power      Damage    Failure   Level
 Summon Small Mammal      Summ           0%         N/A       38%         1
 Call Canine Familiar     Summ           0%         N/A       77%         3
 Summon Guardian Golem    Hex/Summ       0%         N/A       77%         3
 Alistair's Intoxication  Tmut/Pois      0%         N/A       100%        5
 Borgnjor's Vile Clutch   Necr/Erth      0%         N/A       100%        5
 Eringya's Noxious Bog    Tmut/Pois      0%         N/A       100%        6


Dungeon Overview and Level Annotations

Branches:
Dungeon (7/15)             Temple (1/1) D:6          Bailey (1/1)

Altars:
Ashenzari
Cheibriados
Dithmenos
Elyvilon
Gozag
Hepliaklqana
Kikubaaqudgha
Makhleb
Okawaru
Qazlal
Ru
Sif Muna
Trog
Uskayaw
Wu Jian
Zin
The Shining One

Annotations:
D:2 1 runed translucent door, Crazy Yiuf Bailey 1 runed translucent door


Innate Abilities, Weirdness & Mutations

You are small and have problems with some larger weapons.
You are completely attuned to the shadows.


Message History

The orc is lightly wounded.
The orc closely misses you.
You reach to attack!
You barely miss the orc.
The orc is lightly wounded.
The orc closely misses you.
You reach to attack!
You barely miss the orc.
The orc is lightly wounded.
The orc barely misses you.
You reach to attack!
You closely miss the orc.
The orc is lightly wounded.
The orc closely misses you.
You reach to attack!
You puncture the orc!
You kill the orc!
Dithmenos accepts your kill.
An orc comes into view. It is wielding a +0 trident.
The orc knight misses you.
There are monsters nearby!
The orc knight roars a battlecry!
The orc goes into a battle-frenzy!
An orc knight is nearby!
The orc shouts!
The orc no longer looks unusually strong.
The orc shouts!
You reach to attack!
You puncture the orc!
You kill the orc!
Dithmenos accepts your kill.
Unknown command.
The orc warrior no longer looks unusually strong.
The orc knight hits you from afar with a +0 glaive!!
The orc warrior closely misses you.
You hear a shout!
The orc knight roars a battlecry!
The orcs go into a battle-frenzy!
An orc warrior comes into view. It is wielding a +0 trident.
The orc knight hits you from afar with a +0 glaive!!
* * * LOW HITPOINT WARNING * * *
The orc warrior hits you from afar with a +0 spear!
* * * LOW HITPOINT WARNING * * *
The orc knight hits you from afar with a +0 glaive!
You die...

+..##[?#..')......
........♣ #..'.......
..........♣ #..#.......
.......∩..♣
#8.#...######.........♣
#..#....≈≈≈≈o........♣♣
##.♣o≈≈≈≈).♣....♣♣♣
#ooo≈≈≈≈.....###
#..♣≈≈≈≈..♣.##
#..♣≈@≈≈≈)..#
....♣♣≈≈≈≈≈.♣#
#..♣♣♣≈≈≈≈≈♣♣ #######


You could see an orc knight and 3 orc warriors.

Vanquished Creatures
  Pikel (D:5)
  A hornet (D:7)
  Prince Ribbit (D:7)
  Sigmund (D:2)
  An orc warrior (Bailey)
  A sky beast (D:6)
  3 ice beasts
  An ogre (D:5)
  A centaur (D:6)
  Blork the orc (D:4)
  A phantom (D:6)
  A kobold brigand (D:5)
  5 scorpions
  A necrophage (D:5)
  A jelly (D:5)
  2 gnoll shamans
  6 orc priests
  Jessica (D:2)
  3 iguanas
  Natasha (thrice) (D:2)
  5 orc wizards
  Robin (D:3)
  14 gnolls
  2 river rats (D:3)
  10 adders
  2 shadow imps
  2 dart slugs (D:3)
  34 orcs
  4 ball pythons
  10 endoplasms
  2 giant cockroaches
  11 goblins
  12 hobgoblins
  4 jackals
  10 kobolds
  2 quokkas
  6 bats
  A frilled lizard (D:3)
  6 rats
174 creatures vanquished.

Notes
Turn   | Place    | Note
-------+----------+-------------------------------------------
     0 | D:1      | acebull12 the Kobold Brigand began the quest for the Orb.
     0 | D:1      | Reached XP level 1. HP: 12/12 MP: 1/1
   301 | D:1      | Reached XP level 2. HP: 17/17 MP: 2/2
   642 | D:1      | Reached skill level 6 in Stealth
  1036 | D:2      | Reached XP level 3. HP: 22/22 MP: 3/3
  1503 | D:2      | Noticed Sigmund
  1628 | D:2      | Reached skill level 1 in Polearms
  1628 | D:2      | Reached XP level 4. HP: 14/27 MP: 4/4
  1937 | D:2      | Killed Sigmund
  1938 | D:2      | Reached skill level 7 in Stealth
  1938 | D:2      | Reached XP level 5. HP: 18/32 MP: 5/5
  1938 | D:2      | Reached XP level 6. HP: 21/37 MP: 6/6
  1938 | D:2      | Noticed Natasha
  1955 | D:2      | Killed Natasha
  2012 | D:2      | Noticed Natasha
  2016 | D:2      | Killed Natasha
  2127 | D:2      | Noticed Jessica
  2130 | D:2      | Killed Jessica
  2169 | D:2      | Noticed Natasha
  2264 | D:2      | Killed Natasha
  2425 | D:2      | Found a runed translucent door.
  2428 | D:2      | Noticed Crazy Yiuf
  3220 | D:3      | Noticed Robin
  3235 | D:3      | Reached XP level 7. HP: 37/41 MP: 7/7
  3266 | D:3      | Killed Robin
  3365 | D:3      | Reached skill level 8 in Stealth
  4515 | D:4      | Noticed Blork the orc
  4521 | D:4      | Killed Blork the orc
  4592 | D:4      | HP: 1/41 [orc priest/divine providence (15)]
  4905 | D:4      | Reached XP level 8. HP: 28/47 MP: 8/8
  5625 | D:4      | Reached skill level 9 in Stealth
  5856 | D:4      | Found a hazy altar of Hepliaklqana.
  5857 | D:4      | Found a shimmering blue altar of Sif Muna.
  6237 | D:5      | Entered Level 5 of the Dungeon
  6404 | D:5      | Reached skill level 5 in Polearms
  6607 | D:5      | Noticed Pikel
  6621 | D:5      | Killed Pikel
  6622 | D:5      | Reached XP level 9. HP: 52/52 MP: 9/9
  6841 | D:5      | Reached skill level 10 in Stealth
  7084 | D:5      | Reached skill level 5 in Fighting
  7224 | D:5      | Reached skill level 1 in Armour
  7651 | D:6      | Found a staircase to the Ecumenical Temple.
  7671 | Temple   | Entered the Ecumenical Temple
  7720 | Temple   | Became a worshipper of Dithmenos the Shadowed
  7759 | D:6      | Reached skill level 5 in Dodging
  8206 | D:6      | Found a white marble altar of Elyvilon.
  8369 | D:6      | Found a glowing golden altar of the Shining One.
  8412 | D:7      | Noticed a hornet
  8422 | D:7      | Killed a hornet
  8423 | D:7      | Reached XP level 10. HP: 18/60 MP: 10/10
  8512 | D:7      | Found a broken altar of Ashenzari.
  8523 | D:7      | Noticed Prince Ribbit
  8529 | D:7      | Killed Prince Ribbit
  8539 | D:7      | Found a flagged portal.
  8855 | Bailey   | Entered a bailey
  8978 | Bailey   | Reached skill level 11 in Stealth
  8999 | Bailey   | Noticed an orc knight
  9007 | Bailey   | Found a large runed translucent door.
  9203 | Bailey   | Mangled by an orc knight

Illustrated notes

Levels and vault maps discovered:
D:1:      heliophobic_arrival_dark_side_of_the_moon, layout_loops_ring,
          roderic_roman_lattice, minmay_crystal_water, kennysheep_flooded_box,
          amcnicky_mini_corridor_feature, minmay_3d_cube
D:2:      layout_loops_corners, uniq_jessica, uniq_sigmund, uniq_natasha,
          uniq_crazy_yiuf_cottage
D:3:      layout_loops_corners, lightli_sewer_entry_pipes, minivault_14,
          uniq_robin
D:4:      layout_basic, minitemple, grunt_ministairs_4,
          hangedman_abyss_or_decor_passed, uniq_blork_the_orc
D:5:      layout_loops_ring, uniq_pikel
D:6:      layout_loops_ring, kennysheep_little_box, tso_altar,
          minmay_temple_entry_large_hall, serial_glass, glass_columns_b,
          glass_columns_a, glass_columns_a, glass_columns_c, item_on_display_a,
          roderic_filled_cross
D:7:      layout_rooms, vehumet_statue, nicolae_ashenzari_panopticon,
          enter_bailey_2, nicolae_lava_and_water, uniq_prince_ribbit1
Temple:   eino_temple_lava
Bailey:   bailey_polearm_elven_captive_hellmonk, bailey

Skill      XL: |  1  2  3  4  5  6  7  8  9 10 |
---------------+-------------------------------+-----
Stealth        | 6 7 8 9 10 11 | 11.0
Polearms       | 1 2 3 4 6 7 |  7.8
Fighting       | 3 4 5 6 |  6.0
Dodging        | 2 3 4 5 |  5.4
Armour         | 1 |  1.3
Short Blades   | |  2.8
Throwing       | |  2.1

Action                   |  1- 3 |  4- 6 |  7- 9 | 10-12 || total
-------------------------+-------+-------+-------+-------++-------
Melee: Dagger            |    26 |       |       |       ||    26
       Demon trident     |    27 |    65 |   301 |    38 ||   431
  Use: Scroll            |       |     3 |     9 |       ||    12
 Stab: Sleeping          |    10 |     8 |    35 |     3 ||    56
       Distracted        |       |     3 |     3 |       ||     6
Armor: Robe              |    10 |     8 |    15 |       ||    33
       Leather armour    |       |       |    29 |     3 ||    32
Dodge: Dodged            |    37 |    26 |   197 |    41 ||   301

Table legend: (Time is in decaauts)
 A = Elapsed time spent in this place.
 B = Non-inter-level travel time spent in this place.
 C = Inter-level travel time spent in this place.
 D = Time resting spent in this place.
 E = Time spent auto-exploring this place.
 F = Levels seen in this place.
 G = Mean time per level.
                   A        B        C        D        E       F      G
               +--------+--------+--------+--------+--------+-----+--------+
         Total |   9251 |   8638 |    613 |   2112 |   4935 |   9 | 1027.9 |
       Dungeon |   8846 |   8233 |    613 |   2012 |   4874 |   7 | 1263.7 |
        Temple |     59 |     59 |      0 |      0 |     34 |   1 |   59.0 |
        Bailey |    345 |    345 |      0 |    100 |     27 |   1 |  345.0 |
               +--------+--------+--------+--------+--------+-----+--------+

Top non-repeatable levels by time:
     D:3: 1953 daAuts
     D:2: 1808 daAuts
     D:4: 1367 daAuts
     D:1: 1247 daAuts
     D:6: 1210 daAuts
     D:5: 1045 daAuts
  Bailey: 345 daAuts
     D:7: 213 daAuts
  Temple: 59 daAuts
